 Dungeon Crawl Stone Soup version 0.29.1-15-g9cfb28693d (webtiles) character file.

Game seed: 700087160720850154

383 hawla the Chiller (level 7, -2/84 HPs)
             Began as a Meteoran Ice Elementalist on Apr 18, 2023.
             Slain by Sigmund
             ... wielding a +6 scythe of protection
              (4 damage)
             ... on level 4 of the Dungeon on Apr 19, 2023.
             The game lasted 00:07:45 (1511 turns).

hawla the Chiller (Meteoran Ice Elementalist)       Turns: 1511, Time: 00:07:46

Health: -2/84      AC:  1    Str: 10    XL:     7   Next: 27%
Magic:  4/14       EV: 13    Int: 18    God:
Gold:   120        SH:  5    Dex: 15    Spells: 6/14 levels left

rFire   . . .      SeeInvis .   i - +4 eveningstar of the Salmon {vorpal, rPois}
rCold   . . .      Faith    .   (no shield)
rNeg    . . .      Spirit   .   a - +0 robe
rPois   +          Reflect  +   (no helmet)
rElec   .          Harm     .   (no cloak)
rCorr   .          Rampage  .   (no gloves)
Will    .....                   (no boots)
Stlth   ..........              e - amulet of reflection
HPRegen 0.24/turn               (no ring)
MPRegen 0.14/turn               (no ring)

@: brilliant, berserking, freezing walls, flying, glowing, very quick
A: sense surroundings 1, otherworldly, glowing, explore regen, deformed body,
robust 1, inability to drink after injury 1
a: no special abilities


You were on level 4 of the Dungeon.
You visited 1 branch of the dungeon, and saw 4 of its levels.

You collected 120 gold pieces.

Inventory:

Hand Weapons
 d - a +0 quarterstaff
 i - the +4 eveningstar of the Salmon (weapon) {vorpal, rPois}
   (You acquired it on level 3 of the Dungeon)

   It inflicts extra damage upon your enemies.
   rPois:     It protects you from poison.
Missiles
 b - 2 atropa-tipped darts (quivered)
Armour
 a - a +0 robe (worn)
Jewellery
 e - an amulet of reflection (around neck)
Wands
 m - a wand of flame (20)
Scrolls
 c - a scroll of enchant armour {unknown}
 f - 2 scrolls of acquirement
 h - 4 scrolls of identify {unknown}
 k - a scroll of fog {unknown}
Potions
 g - a potion of brilliance


   Skills:
 - Level 0.8 Fighting
 - Level 0.2 Short Blades
 - Level 1.0 Maces & Flails
 - Level 3.1 Dodging
 - Level 1.4 Stealth
 - Level 4.2 Spellcasting
 + Level 5.2 Conjurations
 - Level 5.7 Ice Magic


You had 6 spell levels left.
You knew the following spells:

 Your Spells              Type           Power      Damage    Failure   Level
a - Freeze                Ice            100%       1d11      1%          1
b - Frozen Ramparts       Ice            72%        1d11      4%          3
c - Hailstorm             Conj/Ice       35%        3d9       16%         4

Your spell library contained the following spells:

 Spells                   Type           Power      Damage    Failure   Level
 Ozocubu's Armour         Ice            36%        N/A       4%          3
 Apportation              Tloc           10%        N/A       14%         1
 Alistair's Intoxication  Tmut/Pois      3%         N/A       99%         5


Dungeon Overview and Level Annotations

Branches:
Dungeon (4/15) Zot: 865
 Temple: D:4-7

Altars:
The Shining One

Annotations:
D:1 2 transporters
D:4 Sigmund


Innate Abilities, Weirdness & Mutations

You passively map a small area around you.
You are easily found by Zot.
You glow in the dark.
You regain HP and MP as you explore.
Armour fits poorly on your strangely shaped body.
You are robust. (+10% HP)
You occasionally lose the ability to drink potions when taking damage.


Message History

Casting: Frozen Ramparts (dangerous; 4% risk of failure)
Press: ? - help, Dir - look around, f - activate The walls around you are covered in ice.
A puff of flame appears from out of thin air!
The puff of flame hits you. Something hits you!
Casting: Frozen Ramparts (dangerous; 4% risk of failure)
Confirm with . or Enter, or press ? or * to list all spells.
The spell is quite dangerous to miscast (16% risk of failure)!
Continue anyway?
Casting: Hailstorm (quite dangerous; 16% risk of failure)
Press: ? - help, Dir - look around, f - activate A cannonade of hail descends around you!
The hail pelts something!
Something barely misses you.
Casting: Hailstorm (quite dangerous; 16% risk of failure)
Confirm with . or Enter, or press ? or * to list all spells.
The spell is quite dangerous to miscast (16% risk of failure)!
Continue anyway?
Casting: Hailstorm (quite dangerous; 16% risk of failure)
Press: ? - help, Dir - look around, f - activate A cannonade of hail descends around you!
The hail pelts something!
A magic dart appears from out of thin air!
The magic dart hits you!
* * * LOW HITPOINT WARNING * * *
It was a potion of brilliance.
You feel clever all of a sudden. Something hits you!
* * * LOW HITPOINT WARNING * * *
Unknown command.
It was a potion of flight.
You feel very buoyant.
You fly up into the air.
It was a potion of mutation.
You feel extremely strange.
Your body twists and deforms.
You occasionally lose the ability to drink potions when taking damage.
You feel robust. You block something's attack.
It was a potion of berserk rage.
A red film seems to cover your vision as you go berserk!
You feel yourself moving faster!
You feel mighty! Something hits you.
You die...

, ,, ##...##
#...!... #.###
#...... ##
#...... * #......
#.....# #.....# #
#..{.## ##
#....@# #.
#####.## ##.
##.## #..
######..## #..
#........####
##..
##...........#
#...
##..............
#...
##...............
#...
#................
* #...


There were no monsters in sight!

Vanquished Creatures
  Eustachio (D:4)
  A scorpion (D:4)
  A hound (D:4)
  An iguana (D:4)
  Natasha (D:4)
  Robin (D:4)
  3 adders (D:4)
  An ufetubus (D:4)
  2 worms (D:4)
  5 orcs
  A ball python (D:4)
  5 endoplasms
  3 giant cockroaches
  13 goblins
  5 hobgoblins
  3 kobolds
  2 quokkas
  2 bats (D:1)
  2 rats
53 creatures vanquished.

Notes
Turn   | Place    | Note
-------+----------+-------------------------------------------
     0 | D:1      | hawla the Meteoran Ice Elementalist began the quest for the
                  | Orb.
     0 | D:1      | Reached XP level 1. HP: 14/14 MP: 5/5
   221 | D:1      | Reached XP level 2. HP: 18/20 MP: 6/6
   408 | D:2      | HP: 1/20 [endoplasm (3)]
   424 | D:2      | Reached skill level 5 in Ice Magic
   426 | D:2      | Reached XP level 3. HP: 18/26 MP: 4/8
   620 | D:3      | Identified 3 scrolls of acquirement
   620 | D:3      | Acquired the +4 eveningstar of the Salmon {vorpal, rPois}
   667 | D:3      | Learned a level 3 spell: Frozen Ramparts
   769 | D:4      | Noticed Robin
   773 | D:4      | Reached XP level 4. HP: 28/34 MP: 6/9
   801 | D:4      | Killed Robin
   839 | D:4      | Reached XP level 5. HP: 23/39 MP: 9/11
   917 | D:4      | Found a glowing golden altar of the Shining One.
   974 | D:4      | Reached skill level 1 in Maces & Flails
  1009 | D:4      | Learned a level 4 spell: Hailstorm
  1051 | D:4      | Reached skill level 1 in Conjurations
  1074 | D:4      | Noticed Natasha
  1077 | D:4      | Killed Natasha
  1078 | D:4      | Reached XP level 6. HP: 39/46 MP: 13/13
  1297 | D:4      | Noticed Eustachio
  1331 | D:4      | Killed Eustachio
  1332 | D:4      | Reached skill level 5 in Conjurations
  1332 | D:4      | Reached XP level 7. HP: 42/51 MP: 2/14
  1497 | D:4      | Noticed Sigmund
  1508 | D:4      | HP: 1/51 [something (10)]
  1510 | D:4      | Gained mutation: Armour fits poorly on your strangely
                  | shaped body. [potion of mutation]
  1510 | D:4      | Gained mutation: You occasionally lose the ability to drink
                  | potions when taking damage. [potion of mutation]
  1510 | D:4      | Gained mutation: You are robust. (+10% HP) [potion of
                  | mutation]
  1511 | D:4      | Slain by Sigmund

Illustrated notes

Levels and vault maps discovered:
D:1:      spicycebolla_arrival_transporter_tutorial, layout_loops_cross,
          st_stairs_1, minmay_fountain_box
D:2:      layout_rooms
D:3:      layout_basic, uniq_ijyb, uniq_crazy_yiuf_cottage
D:4:      layout_cave_pods, mainiacjoe_overflow_cross_hatched, uniq_eustachio,
          uniq_sigmund, uniq_natasha, uniq_robin

Skill      XL: |  1  2  3  4  5  6 |
---------------+-------------------+-----
Ice Magic      | 5 |  5.7
Spellcasting   | 3 4 |  4.2
Dodging        | 3 |  3.1
Maces & Flails | 1 |  1.0
Conjurations   | 2 5 |  5.2
Fighting       | |  0.8
Short Blades   | |  0.2
Stealth        | |  1.4

Action                   |  1- 3 |  4- 6 |  7- 9 || total
-------------------------+-------+-------+-------++-------
Melee: Rapier            |    26 |       |       ||    26
       Punch             |     1 |       |       ||     1
       Eveningstar       |    12 |    23 |       ||    35
 Cast: Freeze            |    27 |    11 |       ||    38
       Frozen Ramparts   |     2 |    13 |     1 ||    16
       Hailstorm         |       |       |     2 ||     2
  Use: Potion            |     1 |       |     4 ||     5
       Scroll            |     1 |       |       ||     1
Armor: Robe              |    20 |    12 |       ||    32
Dodge: Dodged            |    50 |    31 |     1 ||    82
Block: Other             |       |    14 |     1 ||    15
